 Seeded DCSS version 0.29-a0-409-gd843f3a48c (webtiles) character file.

Game seed: 17930253926559947122 (custom seed)

1030 zeratav the Geomancer (level 8, -4/55 HPs)
             Began as an Octopode Earth Elementalist on May 14, 2022.
             Was an Initiate of Gozag.
             Slain by a vampire (6 damage)
             ... on level 5 of the Dungeon.
             The game lasted 00:10:04 (4979 turns).

zeratav the Geomancer (Octopode Earth Elementalist) Turns: 4979, Time: 00:10:05

Health: -4/55      AC:  6    Str:  8    XL:     8   Next: 23%
Magic:  10/15      EV: 10    Int: 25    God:    Gozag
Gold:   149        SH:  0    Dex: 12    Spells: 9/17 levels left

rFire   x . .      SeeInvis .   (weapon currently unavailable)
rCold   + + +      Faith    .   (shield currently unavailable)
rNeg    . . .      Spirit   .   (helmet currently unavailable)
rPois   +          Reflect  .   k - amulet of the acrobat
rElec   .          Harm     .   w - ring of wizardry
rCorr   .          Rampage  .   x - ring of wizardry
Will    .....                   C - +6 ring of intelligence
Stlth   ++........              (no ring)
HPRegen 0.18/turn               (no ring)
MPRegen 0.14/turn               (no ring)
                                (no ring)
                                (no ring)

@: ice-form
A: freezing attack, boosted hp, almost no armour, amphibious, 8 rings, large,
(camouflage 1), (gelatinous body 1), (nimble swimmer 1), (tentacles)
a: End Transformation, Renounce Religion, Potion Petition, Call Merchant, Bribe
Branch


You were on level 5 of the Dungeon.
You worshipped Gozag.
Gozag was aware of your devotion.
You were a creature of crystalline ice.
You visited 1 branch of the dungeon, and saw 5 of its levels.

You collected 734 gold pieces.
You spent 585 gold pieces at shops.


Innate Abilities, Weirdness & Mutations

You are a creature of crystalline ice.
You have a powerful freezing melee attack.
Your maximum health is increased.
Your armour is entirely melded.
You are incapable of wielding weapons or throwing items.
You cannot wear most types of armour.
You are amphibious.
You can wear up to eight rings at the same time.
((Your skin changes colour to match your surroundings (Stealth+).))
((Your rubbery body absorbs attacks. (AC +1, EV +1)))
((You are camouflaged when in or above water. (Stealth+)))
((You have tentacles for arms and can constrict up to eight enemies at once.))


   Skills:
 - Level 2.0 Dodging
 - Level 2.6 Stealth
 + Level 5.2 Spellcasting
 - Level 1.0 Transmutations
 * Level 8.2 Earth Magic


You had 9 spell levels left.
You knew the following spells:

 Your Spells              Type           Power      Damage    Failure   Level
a - Sandblast             Erth           94%        2d19      1%          1
b - Stone Arrow           Conj/Erth      54%        3d10      1%          3
c - Ice Form              Ice/Tmut       9%         N/A       17%         4

Your spell library contained the following spells:

 Spells                   Type           Power      Damage    Failure   Level
 Passwall                 Tmut/Erth      24%        N/A       1%          2
 Animate Skeleton         Necr           12%        N/A       2%          1
 Pain                     Necr           24%        1d5       2%          1
 Petrify                  Tmut/Erth      29%        N/A       3%          4
 Vampiric Draining        Necr           6%         2d6       7%          3
 Hailstorm                Conj/Ice       6%         3d4       21%         4
 Excruciating Wounds      Necr           3%         N/A       47%         5
 Simulacrum               Ice/Necr       3%         N/A       95%         6
 Death's Door             Necr           3%         N/A       100%        9

Inventory:

Hand Weapons
 h - a +2 whip of electrocution {mace}
   (You took it off a gnoll on level 2 of the Dungeon)
 D - a +1 morningstar of venom {mace}
   (You took it off a wight on level 5 of the Dungeon)
 E - a +4 hand axe {axe}
   (You took it off a wight on level 5 of the Dungeon)
Missiles
 a - 186 stones {throwing}
Magical Staves
 l - a staff of earth (melded) {staff}
   (You found it on level 1 of the Dungeon)
Jewellery
 k - an amulet of the acrobat (around neck)
   (You found it on level 1 of the Dungeon)
 w - a ring of wizardry (left front paw)
   (You found it on level 3 of the Dungeon)
 x - a ring of wizardry (right front paw)
   (You found it on level 3 of the Dungeon)
 C - a +6 ring of intelligence (on tentacle)
   (You bought it in a shop on level 2 of the Dungeon)
Wands
 v - a wand of flame (14)
   (You found it on level 3 of the Dungeon)
Scrolls
 c - 2 scrolls of brand weapon {unknown}
 f - a scroll of enchant weapon {unknown}
 i - a scroll of noise {unknown}
 j - a scroll of enchant armour {unknown}
 m - 5 scrolls of identify {unknown}
 o - a scroll of summoning {unknown}
 q - a scroll of immolation {unknown}
 u - a scroll of vulnerability {unknown}
 y - 3 scrolls of amnesia {unknown}
 A - a scroll of teleportation {unknown}
Potions
 b - a potion of magic
 d - 2 potions of berserk rage {unknown}
 e - 5 potions of brilliance {unknown}
 g - 5 potions of curing {unknown}
 n - 2 potions of flight {unknown}
 p - 5 potions of attraction {unknown}
 r - a potion of lignification {unknown}
 s - 3 potions of cancellation {unknown}
 t - 2 potions of mutation {unknown}
 z - a potion of invisibility {unknown}
 B - a potion of resistance {unknown}

Dungeon Overview and Level Annotations

Branches:
Dungeon (5/15)             Temple (0/1) D:5

Altars:
Gozag
Kikubaaqudgha
Ru

Shops:
D:2

= #.#.###.# ### #.#.....#
#.###.#####.# ..
...##.#####.# #..
#.###.#.....# ... #.#
#.#.###.### ..# #.#
#.#.#.....# ###..#. #.#
#.........#####...... ..#
#...........Y{..#
#.####.........#....# .##
#..............####.###.....
#######...................#
#####################


There were no monsters in sight!


Message History

You lost 3 mp, and now have 12/15 mp.
Casting: Stone Arrow (safe; 1% risk of failure)
Confirm with . or Enter, or press ? or * to list all spells.
Aiming: Stone Arrow (safe; 1% risk of failure)
Press: ? - help, Shift-Dir - straight line, f - quokka
Aim: a quokka (67% to hit)
You feel a surge of power!
The stone arrow hits the quokka!
You kill the quokka!
MP[-3]
You lost 3 mp, and now have 9/15 mp.
Casting: Stone Arrow (safe; 1% risk of failure)
Confirm with . or Enter, or press ? or * to list all spells.
Aiming: Stone Arrow (safe; 1% risk of failure)
Press: ? - help, Shift-Dir - straight line, f - iguana
Aim: an iguana (79% to hit)
You feel a surge of power!
The stone arrow hits the iguana!
MP[-3]
You lost 3 mp, and now have 6/15 mp.
An iguana is nearby!
An iguana is nearby!
Casting: Stone Arrow (safe; 1% risk of failure)
Confirm with . or Enter, or press ? or * to list all spells.
Aiming: Sandblast (safe; 1% risk of failure)
Press: ? - help, Shift-Dir - straight line, f/p - iguana
Aim: an iguana (almost dead, 86% to hit)
You feel a surge of power!
The blast of sand misses the iguana.
MP[-1]
You lost 1 mp, and now have 5/15 mp.
You feel a surge of power!
The blast of sand hits the iguana!
You kill the iguana!
MP[-1]
You lost 1 mp, and now have 4/15 mp.
You now have 134 gold pieces (gained 8).
You now have 143 gold pieces (gained 9).
You now have 149 gold pieces (gained 6).
g - 5 metallic brown potions (gained 1)
A vampire comes into view.
MP[+11]
Your mp is fully restored (15).
A vampire is nearby!
A vampire is nearby!
Unknown command.
Casting: Sandblast (safe; 1% risk of failure)
Confirm with . or Enter, or press ? or * to list all spells.
Aiming: Stone Arrow (safe; 1% risk of failure)
Press: ? - help, Shift-Dir - straight line, f - vampire
Aim: a vampire (dormant, 100% to hit)
You feel a surge of power!
The stone arrow hits the vampire!!
The vampire casts a spell.
The vampire flickers and vanishes!
Deactivating autopickup; reactivate with Ctrl-A.
MP[-3]
You lost 3 mp, and now have 12/15 mp.
You are confused.
Something hits you! Something completely misses you.
HP[-7]
You take 7 damage, and now have 39/46 hp.
You bump into the rock wall.
Something hits you. Something bites you.
Something draws strength from your injuries!
HP[-6] MP[+1]
You take 6 damage, and now have 33/46 hp.
Unknown command.
You're too confused to move!
Something draws life force from you!
* * * LOW HITPOINT WARNING * * *
HP[-12]
You take 12 damage, and now have 21/46 hp.
MASSIVE DAMAGE!! (PAUSE)
You feel less confused.
Casting: Stone Arrow (safe; 1% risk of failure)
Confirm with . or Enter, or press ? or * to list all spells.
The spell is quite dangerous to miscast (17% risk of failure)!
Continue anyway?
You turn into a creature of crystalline ice.
Your staff of earth {staff} melds into your body.
Something hits you but does no damage. Something bites you!
* * * LOW HITPOINT WARNING * * *
Something draws strength from your injuries!
HP[-2] MP[-4]
You now have 55 max hp (+9).
You lost 4 mp, and now have 9/15 mp.
Something closely misses you. Something misses you.
You closely miss something. Something hits you.
* * * LOW HITPOINT WARNING * * *
Something bites you but does no damage.
HP[-1]
You take 1 damage, and now have 18/55 hp.
You closely miss something. Something hits you!
* * * LOW HITPOINT WARNING * * *
Something bites you but does no damage.
HP[-7] MP[+1]
You take 7 damage, and now have 11/55 hp.
You closely miss something. Something hits you.
* * * LOW HITPOINT WARNING * * *
Something bites you but does no damage.
HP[-1]
You take 1 damage, and now have 10/55 hp.
You closely miss something. Something hits you!
* * * LOW HITPOINT WARNING * * *
Something bites you.
You die...
Your body crumbles into a pile of gold.

Skill      XL: |  1  2  3  4  5  6  7  8 |
---------------+-------------------------+-----
Spellcasting   | 3 4 5 |  5.2
Earth Magic    | 4 5 6 7 8 |  8.2
Dodging        | |  2.0
Stealth        | |  2.6
Transmutations | |  1.0

Action                   |  1- 3 |  4- 6 |  7- 9 || total
-------------------------+-------+-------+-------++-------
Melee: Short sword       |     8 |       |       ||     8
       Constrict         |     2 |       |       ||     2
       Tentacles         |     2 |       |       ||     2
       Staff             |       |     1 |     1 ||     2
       Unarmed           |       |     5 |     5 ||    10
 Cast: Sandblast         |    43 |    32 |    18 ||    93
       Stone Arrow       |       |     7 |    17 ||    24
       Ice Form          |       |     1 |     2 ||     3
 Stab: Sleeping          |     2 |     1 |       ||     3
Armor: Skin              |       |     4 |     4 ||     8
Dodge: Dodged            |    14 |    10 |     9 ||    33

Levels and vault maps discovered:
D:1:      dpeg_arrival_yet_another_circle, layout_basic, serial_rivers,
          chequers_serial_rivers_small_b, chequers_serial_rivers_large_b,
          chequers_serial_rivers_micro_b, chequers_serial_rivers_room_b,
          chequers_serial_rivers_micro_c, chequers_serial_rivers_large_a,
          chequers_ecumenical_altar_lobes
D:2:      layout_rooms, serial_shops, shop
D:3:      layout_basic, minmay_fractal_squares_diagonal_5
D:4:      layout_rooms, nicolae_ru_awakened_eye, mainiacjoe_overflow_boulevard
D:5:      layout_loops_ring, minmay_temple_entry_tees

Notes
Turn   | Place    | Note
-------+----------+-------------------------------------------
     0 | D:1      | zeratav the Octopode Earth Elementalist began the quest for
                  | the Orb.
     0 | D:1      | Reached XP level 1. HP: 11/11 MP: 3/3
     0 | D:1      | magus.rc [v1.9.6]
   106 | D:1      | Found a faded altar of an unknown god.
   112 | D:1      | Prayed at the altar of an unknown god.
   112 | D:1      | Became a worshipper of Gozag Ym Sagoz the Greedy
   287 | D:1      | Reached XP level 2. HP: 17/17 MP: 0/5
   941 | D:1      | You pick up a book of Necromancy and begin reading...
   941 | D:1      | You add the spells Pain, Animate Skeleton and Vampiric
                  | Draining to your library.
  1083 | D:1      | Reached XP level 3. HP: 16/21 MP: 6/6
  1571 | D:2      | Found Biewk's Jewellery Boutique.
  1841 | D:2      | Noticed a scorpion
  1863 | D:2      | Killed a scorpion
  1864 | D:2      | Reached skill level 3 in Spellcasting
  1864 | D:2      | Reached skill level 4 in Earth Magic
  1864 | D:2      | Reached XP level 4. HP: 17/27 MP: 0/8
  2037 | D:2      | Learned a level 3 spell: Stone Arrow
  2071 | D:2      | Reached XP level 5. HP: 31/31 MP: 4/9
  2117 | D:2      | Reached skill level 5 in Earth Magic
  2305 | D:2      | You add the spells Excruciating Wounds and Death's Door to
                  | your library.
  2305 | D:2      | Got Ubiodel's Tome of Evil Arts
  3241 | D:4      | Found an ancient bone altar of Kikubaaqudgha.
  3252 | D:4      | Noticed a kobold brigand
  3374 | D:4      | Killed a kobold brigand
  3375 | D:4      | Reached XP level 6. HP: 29/36 MP: 4/11
  3552 | D:4      | Reached skill level 6 in Earth Magic
  3579 | D:4      | You pick up a book of the Tundra and begin reading...
  3579 | D:4      | You add the spells Hailstorm, Ice Form and Simulacrum to
                  | your library.
  3614 | D:4      | Noticed an ice beast
  3701 | D:3      | Learned a level 4 spell: Ice Form
  3708 | D:4      | Killed an ice beast
  3709 | D:4      | Reached skill level 4 in Spellcasting
  3709 | D:4      | Reached XP level 7. HP: 41/41 MP: 8/13
  3953 | D:4      | Found a sacrificial altar of Ru.
  4077 | D:4      | Reached skill level 7 in Earth Magic
  4295 | D:2      | Bought a +6 ring of intelligence for 585 gold pieces
  4360 | D:5      | Entered Level 5 of the Dungeon
  4597 | D:5      | Found a staircase to the Ecumenical Temple.
  4694 | D:5      | Reached skill level 5 in Spellcasting
  4694 | D:5      | Reached XP level 8. HP: 43/46 MP: 2/15
  4696 | D:5      | Reached skill level 8 in Earth Magic
  4960 | D:5      | Noticed a vampire
  4977 | D:5      | HP: 11/55 [something (8)]
  4979 | D:5      | HP: 2/55 [something (8)]
  4979 | D:5      | Slain by a vampire

Vanquished Creatures
  2 ice beasts
  A kobold brigand (D:4)
  A bullfrog (D:4)
  4 scorpions
  3 wights (D:5)
  5 hounds
  An iguana (D:5)
  An adder (D:5)
  8 gnolls
  2 worms (D:2)
  2 dart slugs (D:1)
  An orc (D:3)
  8 bats
  An endoplasm (D:1)
  3 giant cockroaches
  6 goblins
  6 hobgoblins
  14 kobolds
  3 quokkas
  2 ball pythons (D:3)
  3 frilled lizards
  6 rats
83 creatures vanquished.

Table legend:
 A = Non-vault XP
 B = Vault XP
 C = Vault XP percentage of total XP
 D = Non-vault monster count
 E = Vault monster count
 F = Vault count percentage of total count
                 A         B        C        D         E       F
            +---------+---------+-------+---------+---------+-------
      Total |    1463 |       9 |   0.6 |      77 |       6 |   7.2
            +---------+---------+-------+---------+---------+-------
        D:1 |      39 |       0 |   0.0 |      23 |       0 |   0.0
        D:2 |     169 |       0 |   0.0 |      18 |       0 |   0.0
        D:3 |      14 |       9 |  39.1 |       9 |       6 |  40.0
        D:4 |     643 |       0 |   0.0 |      16 |       0 |   0.0
        D:5 |     598 |       0 |   0.0 |      11 |       0 |   0.0
            +---------+---------+-------+---------+---------+-------

Illustrated notes

Table legend:
 A = Kills in this place as a percentage of kills in entire the game.
 B = Kills by you in this place as a percentage of kills by you in the entire game.
 C = Kills by friends in this place as a percentage of kills by friends in the entire game.
 D = Other kills in this place as a percentage of other kills in the entire game.
 E = Experience gained in this place as a percentage of experience gained in the entire game.
 F = Experience gained in this place divided by the number of levels of this place that you have seen.
                   A       B       C       D       E      F
               +-------+-------+-------+-------+-------+----------------------
         Total | 100.0 | 100.0 |   N/A |   N/A | 100.0 | 294.4
       Dungeon | 100.0 | 100.0 |   N/A |   N/A | 100.0 | 294.4
               +-------+-------+-------+-------+-------+----------------------

Table legend: (Time is in decaauts)
 A = Elapsed time spent in this place.
 B = Non-inter-level travel time spent in this place.
 C = Inter-level travel time spent in this place.
 D = Time resting spent in this place.
 E = Time spent auto-exploring this place.
 F = Levels seen in this place.
 G = Mean time per level.
                   A        B        C        D        E       F      G
               +--------+--------+--------+--------+--------+-----+--------+
         Total |   4980 |   4726 |    254 |    583 |   3361 |   5 |  996.0 |
       Dungeon |   4980 |   4726 |    254 |    583 |   3361 |   5 |  996.0 |
               +--------+--------+--------+--------+--------+-----+--------+

Top non-repeatable levels by time:
     D:1: 1516 daAuts
     D:3: 1031 daAuts
     D:2: 961 daAuts
     D:4: 852 daAuts
     D:5: 619 daAuts
